[ AOE2 MATCH · #477155707 ]
1v1 RMItalians vs Lithuanians
Player's team · LOSS
[ REPLAY ANALYSIS · EXTRACTED FROM THE RECORDED GAME ]
Feudal
10:13
Castle
20:12
Imperial
34:53
| APM avg | 25.7 |
| APM peak | 59 |
| eAPM avg | 12.4 |
| Villagers / military | 73 / 103 |
Focus
⚔️ 39.5% · 🌾 60.5%
Archer ×46 · Genoese Crossbowman ×34 · Mangonel ×9 · Spearman ×8 · Battering Ram ×4 · Trebuchet (Packed) ×2
Feudal
8:52
Castle
22:03
Imperial
38:45
| APM avg | 35.3 |
| APM peak | 82 |
| eAPM avg | 16.6 |
| Villagers / military | 103 / 152 |
Focus
⚔️ 39.9% · 🌾 60.1%
Skirmisher ×76 · Knight ×52 · Monk ×8 · Trebuchet (Packed) ×7 · Scout Cavalry ×4 · Battering Ram ×3
Match map
Initial resources + every placement click. Lines = walls · curves = elevation contours. ◆ gold · ⬟ stone · ● berries · ✦ relic · ◌ wall gap
Your base· Open — 5t gap
MTD_12(b)(6)'s base· ✓ Closed at 22:03 · 67t walls · 1 gate(s)
Smoothed initial terrain · ◌ = detected wall gap · hover for details
Inputs per minute
— Das Otter - - MTD_12(b)(6)
Build order — Das Otter
First 150 of 259 actions detected
| 0:00 | Create | Villager (Male) |
| 0:01 | Create | Villager (Male) |
| 0:02 | Build | House |
| 0:03 | Build | House |
| 0:27 | Create | Villager (Male) |
| 0:29 | Create | Villager (Male) |
| 1:26 | Create | Villager (Male) |
| 1:26 | Create | Villager (Male) |
| 1:47 | Build | Lumber Camp |
| 1:52 | Create | Villager (Male) |
| 2:27 | Create | Villager (Male) |
| 2:51 | Create | Villager (Male) |
| 2:59 | Create | Villager (Male) |
| 3:00 | Create | Villager (Male) |
| 3:27 | Build | House |
| 3:29 | Build | House |
| 3:46 | Create | Villager (Male) |
| 3:54 | Build | Palisade Wall |
| 4:18 | Create | Villager (Male) |
| 4:36 | Build | Mill |
| 4:43 | Create | Villager (Male) |
| 4:43 | Create | Villager (Male) |
| 5:14 | Create | Villager (Male) |
| 5:39 | Create | Villager (Male) |
| 5:46 | Create | Villager (Male) |
| 6:03 | Build | Farm |
| 6:33 | Build | Farm |
| 6:46 | Create | Villager (Male) |
| 6:47 | Create | Villager (Male) |
| 6:47 | Create | Villager (Male) |
| 7:50 | Research | Feudal Age |
| 8:33 | Build | Barracks |
| 8:50 | Research | Loom |
| 8:50 | Create | Villager (Male) |
| 8:50 | Create | Villager (Male) |
| 9:51 | Create | Villager (Male) |
| 10:13 | Age | Feudal Age |
| 10:33 | Research | Horse Collar |
| 10:34 | Research | Double-Bit Axe |
| 10:38 | Create | Spearman |
| 10:39 | Create | Spearman |
| 10:39 | Create | Spearman |
| 10:40 | Create | Spearman |
| 10:43 | Create | Spearman |
| 11:06 | Build | House |
| 11:07 | Build | House |
| 11:41 | Build | Archery Range |
| 11:46 | Create | Villager (Male) |
| 11:46 | Create | Villager (Male) |
| 11:55 | Build | Farm |
| 11:55 | Build | Farm |
| 11:55 | Build | Farm |
| 13:02 | Create | Villager (Male) |
| 13:02 | Create | Villager (Male) |
| 13:19 | Build | Mining Camp |
| 13:21 | Create | Villager (Male) |
| 13:27 | Build | Archery Range |
| 13:29 | Create | Archer |
| 13:29 | Create | Archer |
| 13:39 | Build | House |
| 13:41 | Build | House |
| 13:42 | Build | House |
| 14:18 | Build | Farm |
| 14:39 | Create | Villager (Male) |
| 14:42 | Build | Farm |
| 15:03 | Create | Villager (Male) |
| 15:08 | Build | Farm |
| 15:20 | Create | Archer |
| 15:20 | Create | Archer |
| 15:30 | Create | Villager (Male) |
| 15:34 | Build | Farm |
| 15:53 | Create | Villager (Male) |
| 15:59 | Build | Farm |
| 16:13 | Build | House |
| 16:19 | Build | House |
| 16:28 | Build | Palisade Wall |
| 16:38 | Create | Villager (Male) |
| 16:38 | Create | Villager (Male) |
| 16:59 | Build | Blacksmith |
| 17:02 | Create | Villager (Male) |
| 17:31 | Research | Castle Age |
| 17:35 | Create | Archer |
| 17:35 | Create | Archer |
| 17:36 | Create | Archer |
| 17:37 | Create | Archer |
| 18:08 | Build | Farm |
| 18:25 | Build | Farm |
| 18:30 | Research | Fletching |
| 18:33 | Research | Padded Archer Armor |
| 18:35 | Create | Archer |
| 18:36 | Create | Archer |
| 18:50 | Create | Villager (Male) |
| 18:50 | Create | Villager (Male) |
| 19:05 | Build | Archery Range |
| 19:15 | Create | Archer |
| 19:15 | Create | Archer |
| 19:34 | Create | Archer |
| 19:35 | Create | Archer |
| 19:42 | Create | Archer |
| 19:43 | Create | Archer |
| 20:02 | Build | House |
| 20:03 | Build | House |
| 20:12 | Age | Castle Age |
| 20:17 | Research | Crossbowman (upgrade) |
| 20:42 | Research | Bodkin Arrow |
| 21:12 | Create | Archer |
| 21:12 | Create | Archer |
| 21:12 | Create | Archer |
| 21:12 | Create | Archer |
| 21:13 | Create | Archer |
| 21:13 | Create | Archer |
| 21:13 | Create | Archer |
| 21:26 | Build | Siege Workshop |
| 21:51 | Create | Villager (Male) |
| 21:51 | Create | Villager (Male) |
| 21:51 | Create | Villager (Male) |
| 21:51 | Create | Villager (Male) |
| 22:09 | Create | Battering Ram |
| 22:09 | Create | Battering Ram |
| 22:14 | Build | House |
| 22:32 | Build | House |
| 22:48 | Create | Archer |
| 22:48 | Create | Archer |
| 22:49 | Create | Archer |
| 22:49 | Create | Archer |
| 23:04 | Build | Lumber Camp |
| 23:36 | Create | Battering Ram |
| 23:41 | Create | Villager (Male) |
| 23:41 | Create | Villager (Male) |
| 23:42 | Create | Villager (Male) |
| 23:56 | Build | House |
| 23:57 | Build | House |
| 23:57 | Build | House |
| 23:58 | Build | House |
| 23:58 | Build | House |
| 24:24 | Research | Leather Archer Armor |
| 25:07 | Create | Archer |
| 25:08 | Create | Archer |
| 25:08 | Create | Archer |
| 25:08 | Create | Archer |
| 26:17 | Create | Mangonel |
| 26:22 | Create | Villager (Male) |
| 26:22 | Create | Villager (Male) |
| 26:23 | Create | Villager (Male) |
| 26:23 | Create | Villager (Male) |
| 26:33 | Build | Mining Camp |
| 26:51 | Create | Mangonel |
| 27:36 | Create | Archer |
| 27:36 | Create | Archer |
| 27:36 | Create | Archer |
Build order — MTD_12(b)(6)
First 150 of 317 actions detected
| 0:00 | Create | Villager (Male) |
| 0:00 | Create | Villager (Male) |
| 0:01 | Create | Villager (Male) |
| 0:02 | Build | House |
| 0:04 | Build | House |
| 0:25 | Create | Villager (Male) |
| 0:25 | Create | Villager (Male) |
| 0:28 | Create | Villager (Male) |
| 1:52 | Build | Lumber Camp |
| 2:07 | Create | Villager (Male) |
| 2:07 | Create | Villager (Male) |
| 2:47 | Create | Villager (Male) |
| 2:47 | Create | Villager (Male) |
| 3:08 | Create | Villager (Male) |
| 3:28 | Build | House |
| 3:47 | Create | Villager (Male) |
| 3:48 | Create | Villager (Male) |
| 3:48 | Create | Villager (Male) |
| 3:59 | Build | Mill |
| 4:15 | Create | Villager (Male) |
| 4:39 | Create | Villager (Male) |
| 6:00 | Create | Villager (Male) |
| 6:17 | Research | Loom |
| 6:30 | Research | Feudal Age |
| 7:37 | Build | Barracks |
| 7:39 | Build | House |
| 7:49 | Build | Palisade Wall |
| 7:51 | Build | Palisade Wall |
| 7:59 | Build | Palisade Wall |
| 8:02 | Build | Palisade Wall |
| 8:05 | Build | Palisade Wall |
| 8:07 | Build | Palisade Wall |
| 8:10 | Build | House |
| 8:13 | Build | House |
| 8:17 | Build | House |
| 8:22 | Build | House |
| 8:27 | Build | House |
| 8:29 | Build | Palisade Wall |
| 8:52 | Age | Feudal Age |
| 9:17 | Create | Villager (Male) |
| 9:18 | Create | Villager (Male) |
| 9:22 | Build | Stable |
| 9:33 | Create | Villager (Male) |
| 9:33 | Create | Villager (Male) |
| 9:35 | Research | Double-Bit Axe |
| 10:04 | Create | Spearman |
| 10:21 | Create | Scout Cavalry |
| 10:22 | Create | Scout Cavalry |
| 10:22 | Create | Scout Cavalry |
| 10:22 | Create | Scout Cavalry |
| 10:39 | Build | House |
| 10:58 | Create | Villager (Male) |
| 10:58 | Create | Villager (Male) |
| 11:07 | Build | Lumber Camp |
| 11:30 | Create | Villager (Male) |
| 11:31 | Create | Villager (Male) |
| 11:35 | Build | Palisade Wall |
| 11:43 | Build | Palisade Gate |
| 11:46 | Build | Palisade Wall |
| 11:53 | Build | Palisade Wall |
| 11:57 | Create | Villager (Male) |
| 12:16 | Create | Villager (Male) |
| 12:45 | Create | Spearman |
| 13:22 | Create | Villager (Male) |
| 13:23 | Create | Villager (Male) |
| 13:31 | Build | House |
| 13:36 | Build | Farm |
| 13:37 | Build | Farm |
| 13:37 | Build | Farm |
| 13:37 | Build | Farm |
| 13:37 | Build | Farm |
| 13:38 | Build | Farm |
| 13:38 | Build | Farm |
| 13:38 | Build | Farm |
| 13:38 | Build | Farm |
| 13:59 | Build | Farm |
| 14:06 | Build | Palisade Wall |
| 14:13 | Build | House |
| 14:17 | Build | Archery Range |
| 14:40 | Build | Mining Camp |
| 14:42 | Create | Villager (Male) |
| 15:03 | Create | Villager (Male) |
| 15:03 | Create | Villager (Male) |
| 15:40 | Create | Skirmisher |
| 15:41 | Create | Skirmisher |
| 15:41 | Create | Skirmisher |
| 15:47 | Build | Blacksmith |
| 15:59 | Create | Villager (Male) |
| 16:00 | Create | Villager (Male) |
| 16:07 | Build | Farm |
| 16:21 | Create | Skirmisher |
| 16:21 | Create | Skirmisher |
| 16:36 | Build | Market |
| 16:42 | Create | Villager (Male) |
| 16:55 | Create | Skirmisher |
| 17:01 | Build | House |
| 17:09 | Create | Villager (Male) |
| 17:20 | Build | House |
| 17:21 | Build | House |
| 17:22 | Build | House |
| 17:26 | Build | House |
| 17:30 | Create | Villager (Male) |
| 18:05 | Create | Skirmisher ×5 |
| 18:12 | Create | Villager (Male) |
| 18:13 | Create | Villager (Male) |
| 18:20 | Build | Archery Range |
| 18:46 | Research | Fletching |
| 19:03 | Build | Farm |
| 19:03 | Build | Farm |
| 19:04 | Build | Farm |
| 19:05 | Create | Villager (Male) |
| 19:23 | Research | Castle Age |
| 19:40 | Create | Villager (Male) |
| 19:47 | Research | Horse Collar |
| 19:57 | Create | Skirmisher ×2 |
| 20:02 | Create | Skirmisher |
| 20:42 | Create | Skirmisher ×5 |
| 21:12 | Create | Skirmisher ×5 |
| 21:16 | Research | Padded Archer Armor |
| 21:22 | Build | Palisade Wall |
| 21:50 | Create | Skirmisher ×5 |
| 22:03 | Age | Castle Age |
| 22:06 | Research | Elite Skirmisher (upgrade) |
| 22:16 | Research | Bodkin Arrow |
| 22:22 | Create | Skirmisher ×2 |
| 22:31 | Build | Monastery |
| 22:49 | Create | Villager (Male) |
| 23:12 | Create | Villager (Male) |
| 23:12 | Create | Villager (Male) |
| 23:16 | Create | Villager (Male) |
| 23:16 | Create | Villager (Male) |
| 23:30 | Create | Skirmisher |
| 23:30 | Create | Skirmisher ×2 |
| 23:42 | Build | House |
| 23:43 | Build | House |
| 23:50 | Create | Knight ×3 |
| 23:53 | Build | House |
| 23:58 | Build | House |
| 23:59 | Build | House |
| 23:59 | Build | House |
| 24:01 | Build | House |
| 24:37 | Create | Knight ×2 |
| 24:40 | Build | Stable |
| 24:41 | Create | Monk |
| 24:52 | Create | Skirmisher ×2 |
| 25:00 | Create | Skirmisher |
| 25:02 | Research | Leather Archer Armor |
| 25:21 | Create | Skirmisher ×4 |
| 25:31 | Create | Villager (Male) |
| 25:32 | Create | Skirmisher |
Match timeline
| 3:54 | Das Otter · wall_segment Palisade Wall x1 |
| 7:37 | MTD_12(b)(6) · first_building Barracks |
| 7:49 | MTD_12(b)(6) · wall_segment Palisade Wall x1 |
| 7:51 | MTD_12(b)(6) · wall_segment Palisade Wall x1 |
| 7:59 | MTD_12(b)(6) · wall_segment Palisade Wall x1 |
| 8:02 | MTD_12(b)(6) · wall_segment Palisade Wall x1 |
| 8:05 | MTD_12(b)(6) · wall_segment Palisade Wall x1 |
| 8:07 | MTD_12(b)(6) · wall_segment Palisade Wall x1 |
| 8:29 | MTD_12(b)(6) · wall_segment Palisade Wall x1 |
| 8:33 | Das Otter · first_building Barracks |
| 8:52 | MTD_12(b)(6) · age_up feudal |
| 9:22 | MTD_12(b)(6) · first_building Stable |
| 10:13 | Das Otter · age_up feudal |
| 11:35 | MTD_12(b)(6) · wall_segment Palisade Wall x22 |
| 11:41 | Das Otter · first_building Archery Range |
| 11:46 | MTD_12(b)(6) · wall_segment Palisade Wall x15 |
| 11:53 | MTD_12(b)(6) · wall_segment Palisade Wall x12 |
| 14:06 | MTD_12(b)(6) · wall_segment Palisade Wall x10 |
| 14:17 | MTD_12(b)(6) · first_building Archery Range |
| 16:28 | Das Otter · wall_segment Palisade Wall x11 |
| 17:41 | MTD_12(b)(6) · first_market_sell 100 stone |
| 17:42 | MTD_12(b)(6) · first_market_buy 100 food |
| 20:12 | Das Otter · age_up castle |
| 21:22 | MTD_12(b)(6) · wall_segment Palisade Wall x1 |
| 21:26 | Das Otter · first_building Siege Workshop |
| 22:03 | MTD_12(b)(6) · age_up castle |
| 22:31 | MTD_12(b)(6) · first_building Monastery |
| 30:53 | Das Otter · first_building Monastery |
| 31:27 | Das Otter · first_building Castle |
| 31:47 | MTD_12(b)(6) · wall_segment Palisade Wall x1 |
| 34:53 | Das Otter · age_up imperial |
| 34:59 | MTD_12(b)(6) · first_building Castle |
| 38:45 | MTD_12(b)(6) · age_up imperial |
| 48:08 | Das Otter · resign |
[ AI ANALYSIS · 1 CREDIT ]
What really happened in this match?
Wolo.gg analyzes every decision: build order, eco, micro, common mistakes by bracket. Personalized analysis on WhatsApp or Discord in 30 seconds.
Civ guide
Italians
Map guide
Arabia
Perfil
Jugador #10138839